AoeStats
← RIO1000

Arabia

506510359Analyzed
1v1 RM · 19d ago on Sep 13, 2026· 45m 39s· 2 players
Game mode
Random Map
Map size
Tiny (2 player)
Population
200
Speed
Normal
Resources
Standard
Victory
Conquest
Starting age
Dark Age
Ending age
Imperial Age
RankedLock teamsTeams togetherTeam positionsShared explorationLock speedFull tech treeHidden civsTurbo modeCheats
Victory
Defeat
🇨🇱 Goths · Chile
904
+15
🇲🇽 Poles · Mexico
885
-15
RIO1000
7:45 Loom
9:42 Feudal Age
10:39 Double-Bit Axe
12:13 Fletching
12:17 Horse Collar
19:59 Castle Age
20:12 Gold Mining
20:24 Crossbowman
21:09 Thumb Ring
21:05 Bodkin Arrow
23:07 Bow Saw
23:10 Heavy Plow
28:26 Padded Archer Armor
29:32 Ballistics
32:53 Wheelbarrow
32:13 Stone Mining
32:39 Town Watch
35:56 Imperial Age
34:41 Hand Cart
35:16 Leather Archer Armor
36:03 Szlachta Privileges
36:14 Forging
36:50 Stone Shaft Mining
37:02 Conscription
36:52 Scale Barding Armor
37:46 Bracer
38:05 Bloodlines
37:56 Husbandry
37:51 Cavalier
arccrodrigo
1:31 Loom
11:16 Feudal Age
12:40 Wheelbarrow
15:40 Castle Age
19:27 Double-Bit Axe
22:56 Horse Collar
25:14 Scale Mail Armor
25:26 Forging
25:17 Squires
24:38 Pikeman
26:01 Bow Saw
25:53 Heavy Plow
29:55 Anarchy
30:17 Chain Mail Armor
36:08 Imperial Age
36:41 Iron Casting
36:47 Hand Cart
36:17 Town Watch
36:54 Perfusion
37:15 Conscription
36:31 Elite Huskarl
43:56 Crop Rotation
Connection lost

Rejoining the realm…

Still unreachable

The connection could not be restored.

Session expired

The server has moved on; the page needs a fresh start.